 Dungeon Crawl Stone Soup version 0.30.1-3-gfc49f6343a (webtiles) character file.

Game seed: 10155254585740572795

515 javelincjr the Trooper (level 7, -7/49 HPs)
             Began as a Demonspawn Fighter on July 18, 2023.
             Was a Follower of Hepliaklqana.
             Mangled by an ogre
             ... wielding a +0 giant club
              (29 damage)
             ... on level 5 of the Dungeon.
             The game lasted 00:11:56 (3806 turns).

javelincjr the Trooper (Demonspawn Fighter)         Turns: 3806, Time: 00:11:57

Health: -7/49      AC: 12    Str: 13    XL:     7   Next: 0%
Magic:  7/7        EV:  3    Int: 10    God:    Hepliaklqana [*.....]
Gold:   187        SH: 10    Dex: 12    Spells: 6/6 levels left

rFire   . . .        w - +5 spear "Fonaept" {speed, +Blink Will- Str-5 SInv}
rCold   . . .        c - +0 buckler
rNeg    . . .        k - +0 plate armour
rPois   .            (helmet restricted)
rElec   .            (no cloak)
rCorr   .            D - +0 pair of gloves
SInv    +            (no boots)
Will    .....        B - amulet of reflection Stlth
                     (no ring)
HPRegen 0.28/turn    (no ring)
MPRegen 0.10/turn

%: reflection
@: studying Dodging
A: reduced essence, horns 1, foul stench 1, weakness stinger 1, demonic touch 1
a: Renounce Religion, Evoke Blink, Recall Ancestor, Ancestor Identity


You were on level 5 of the Dungeon.
You worshipped Hepliaklqana.
Hepliaklqana was aware of your devotion.
You visited 1 branch of the dungeon, and saw 5 of its levels.

You collected 187 gold pieces.

Inventory:

Hand Weapons
 a - a +0 trident
 l - a +2 dagger of draining
 w - the +5 spear "Fonaept" (weapon) {speed, +Blink Will- Str-5 SInv}
   (You took it off a kobold on level 3 of the Dungeon)

   Str:       It affects your strength (-5).
   SInv:      It lets you see invisible.
   +Blink:    It lets you blink.
   Will:      It decreases your willpower.
Missiles
 i - 10 poisoned darts (quivered)
 r - 2 curare-tipped darts
Armour
 b - a +0 scale mail
 c - a +0 buckler (worn)
 g - a +0 chain mail
 k - a +0 plate armour (worn)
 D - a +0 pair of gloves (worn)
Jewellery
 v - an amulet of guardian spirit
 B - an amulet of reflection (around neck)
Wands
 y - a wand of flame (25)
Scrolls
 e - 2 scrolls of magic mapping {unknown}
 h - 2 scrolls of summoning
 j - 2 scrolls of enchant armour
 m - 3 scrolls of fog
 n - 2 scrolls of amnesia
 s - a scroll of poison
 u - 2 scrolls of teleportation
 x - 2 scrolls of enchant weapon
 z - a scroll of noise
 C - a scroll of blinking {unknown}
Potions
 d - a potion of might
 f - 3 potions of curing {unknown}
 o - a potion of heal wounds {unknown}
 p - a potion of invisibility {unknown}
 q - a potion of attraction {unknown}
 t - a potion of degeneration {unknown}
 A - 3 potions of brilliance


   Skills:
 + Level 4.4 Fighting
 + Level 3.5 Polearms
 + Level 4.0 Armour
 + Level 2.9 Dodging
 + Level 4.0 Shields


You had 6 spell levels left.
You didn't know any spells.
Your spell library contained the following spells:

 Spells                   Type           Power      Damage    Failure   Level
 Poisonous Vapours        Pois/Air       0%         N/A       100%        2
 Mephitic Cloud           Conj/Pois/Air  0%         N/A       100%        3
 Freezing Cloud           Conj/Ice/Air   0%         6-21      100%        5


Dungeon Overview and Level Annotations

Branches:
Dungeon (5/15)
 Temple: D:4-7

Altars:
Ashenzari
Hepliaklqana
Qazlal
Vehumet
Wu Jian

Shops:
D:3 :   D:4 :


Innate Abilities, Weirdness & Mutations

Your life essence is reduced to manifest your ancestor. (-10% HP)
You have a pair of small horns on your head.
You may rarely emit foul miasma when damaged in melee.
You have a small tail.
Your touch may inflict minor irresistible damage on your foes.


Message History

You reach to attack!
You barely miss Dowan.
Dowan is heavily wounded.
Ankherfenedjef completely misses Dowan.
Dowan barely misses Ankherfenedjef.
Unknown command.
You reach to attack!
You hit Dowan.
Dowan is heavily wounded.
Dowan points at you and mumbles some strange words.
The stone arrow hits Ankherfenedjef.
Ankherfenedjef is destroyed!
Unknown command.
You reach to attack!
You barely miss Dowan.
Dowan is heavily wounded.
You hit Dowan.
Your tail-slap misses Dowan.
Dowan is severely wounded.
Dowan hits you with a +0 dagger.
You hit Dowan.
You kill Dowan!
Your Armour skill increases to level 4!
Your Shields skill increases to level 4!
You have reached level 7!
Things that are here:
a +0 short sword; a +0 leather armour; the elf corpse of Duvessa
Things that are here:
a +0 dagger; a +0 robe; the elf corpse of Dowan
C - a scroll labelled OHUMO JESSIY
i - 9 poisoned darts (gained 1)
You hear the rusting of a very distant drain.
i - 10 poisoned darts (gained 1)
Found an escape hatch in the floor.
An ogre comes into view. It is wielding a +0 giant club.
The ogre shouts!
The ogre hits you with a +0 giant club!!
Ouch! That really hurt!
You are too injured to fight recklessly!
You are too injured to fight recklessly!
You puncture the ogre! You tail-slap the ogre.
The ogre is heavily wounded.
The ogre hits you with a +0 giant club!!
Ouch! That really hurt!
You die...

##..................###
##....................#
#......................
##.............#......#
##.........#.##....###
#.............#....#
#...........#.......
#...........#....#...
###.O@......#.#....
###.........##...
.......... ...
##......## ##.##.## #.
.# . # #.


You could see an ogre.

Vanquished Creatures
  A water moccasin (D:5)
  Duvessa (D:5)
  Dowan (D:5)
  A howler monkey (D:4)
  An iguana (D:4)
  3 adders
  A shadow imp (D:4)
  A white imp (D:4)
  A worm (D:2)
  6 endoplasms
  A giant cockroach (D:2)
  9 goblins
  9 hobgoblins
  7 kobolds
  3 quokkas
  6 ball pythons
  10 bats
  2 frilled lizards (D:1)
  7 rats
71 creatures vanquished.

Vanquished Creatures (collateral kills)
  An ogre (D:4)
1 creature vanquished.

Vanquished Creatures (others)
  An ancestor (D:5)
1 creature vanquished.

Grand Total: 73 creatures vanquished

Notes
Turn   | Place    | Note
-------+----------+-------------------------------------------
     0 | D:1      | javelincjr the Demonspawn Fighter began the quest for the
                  | Orb.
     0 | D:1      | Reached XP level 1. HP: 18/18 MP: 1/1
   328 | D:1      | Discovered your monstrous ancestry.
   328 | D:1      | Gained mutation: You have a pair of small horns on your
                  | head. [demonic ancestry]
   328 | D:1      | Reached XP level 2. HP: 24/24 MP: 2/2
  1163 | D:2      | Reached XP level 3. HP: 26/29 MP: 3/3
  1685 | D:2      | Reached skill level 1 in Dodging
  1869 | D:3      | Found Emoot's Book Shop.
  1945 | D:3      | Found a hazy altar of Hepliaklqana.
  1951 | D:3      | Became a worshipper of Hepliaklqana the Forgotten
  2076 | D:3      | Identified the +5 spear "Fonaept" {speed, +Blink Will-
                  | Str-5 SInv}
  2178 | D:3      | Gained mutation: You have a small tail. [demonic ancestry]
  2178 | D:3      | Reached XP level 4. HP: 35/35 MP: 4/4
  2786 | D:4      | Reached * piety under Hepliaklqana
  2864 | D:4      | Found Conni's Vocational Training.
  2866 | D:4      | Noticed an ogre
  2871 | D:4      | Killed an ogre
  2872 | D:4      | Gained mutation: You may rarely emit foul miasma when
                  | damaged in melee. [demonic ancestry]
  2872 | D:4      | Reached XP level 5. HP: 37/37 MP: 5/5
  3077 | D:4      | Found a broken altar of Ashenzari.
  3080 | D:4      | Found an ornate altar of the Wu Jian Council.
  3522 | D:5      | Entered Level 5 of the Dungeon
  3527 | D:5      | Noticed a water moccasin
  3540 | D:5      | Killed a water moccasin
  3541 | D:5      | Gained mutation: Your touch may inflict minor irresistible
                  | damage on your foes. [demonic ancestry]
  3541 | D:5      | Reached XP level 6. HP: 35/43 MP: 6/6
  3582 | D:5      | Identified a scroll of acquirement
  3584 | D:5      | Acquired a manual of Dodging
  3641 | D:5      | Noticed a water elemental
  3643 | D:5      | Found a stormy altar of Qazlal.
  3645 | D:5      | Noticed a fire elemental
  3645 | D:5      | Noticed an air elemental
  3706 | D:5      | Found a radiant altar of Vehumet.
  3754 | D:5      | Noticed Duvessa
  3754 | D:5      | Noticed Dowan
  3764 | D:5      | Killed Duvessa
  3769 | D:5      | Killed Dowan
  3770 | D:5      | Reached XP level 7. HP: 45/49 MP: 7/7
  3806 | D:5      | Mangled by an ogre

Illustrated notes

Levels and vault maps discovered:
D:1:      lightli_molten_gateway, layout_loops_ring, serial_forest,
          infiniplex_forest_pool, infiniplex_forest_lined_room_2,
          infiniplex_forest_corner_1, infiniplex_forest_join,
          infiniplex_forest_clump_double, infiniplex_forest_end_3,
          infiniplex_forest_lined_ring, infiniplex_forest_clump_double
D:2:      minmay_spotlight, layout_basic, minivault_23
D:3:      layout_loops_corners, old_standard_altar, serial_shops, shop
D:4:      layout_gridville, nicolae_overflow_squiral, nicolae_shop_vocational
D:5:      layout_cave_pools, nicolae_qazlal_style_of_elements, vehumet_crystals,
          cheibrodos_sewer_entry_bend, supply_closet_lemuel, uniq_duvessa

Skill      XL: |  1  2  3  4  5  6 |
---------------+-------------------+-----
Polearms       | 2 3 |  3.5
Shields        | 3 4 |  4.0
Armour         | 3 4 |  4.0
Dodging        | 1 2 |  2.9
Fighting       | 4 |  4.4

Action                     |  1- 3 |  4- 6 |  7- 9 || total
---------------------------+-------+-------+-------++-------
  Melee: Trident           |   117 |       |       ||   117
         Headbutt          |    22 |     3 |       ||    25
         Dagger            |    51 |     1 |       ||    52
         Spear             |       |    64 |     1 ||    65
         Tailslap          |       |     3 |     1 ||     4
  Throw: Dart              |     4 |     5 |       ||     9
    Use: Scroll            |       |    12 |       ||    12
 Armour: Scale mail        |     9 |       |       ||     9
         Chain mail        |    11 |       |       ||    11
         Plate armour      |    36 |    10 |       ||    46
  Dodge: Dodged            |    28 |     3 |       ||    31
  Block: Buckler           |    21 |     8 |       ||    29
